Map: Jagannatha LE

Players

Denver

  • Race: Zerg Zerg
  • League: Master
  • Spawn Location: 7:00

SKillous - Winner!

  • Race: Protoss Protoss
  • League: Grandmaster
  • Spawn Location: 1:00

Event: DreamHack SC2 Masters 2020 Winter

VOD

Have the link to the VOD?

Description

Time

  • Played on: Nov. 5, 2020, 12:20 p.m.
  • Length: 14:47

All games in this series

Show
View Real Time Build Order
Export as new Build Order

Denver Zerg 

Build Orders: Hatch First, Swarm Host 

Get SALT Encoding   

  12  0:00  Drone  
  13  0:12  Overlord  
  13  0:17  Drone  
  14  0:31  Drone x2  
  16  0:49  Hatchery  
  15  0:52  Drone  
  15  0:56  Drone  
  17  0:59  Drone  
  18  1:09  Extractor  
  17  1:15  Spawning Pool  
  17  1:18  Drone  
  17  1:22  Drone  
  18  1:29  Drone  
  19  1:39  Drone  
  20  1:50  Overlord  
  20  2:02  Queen x2  
  20  2:03  Zergling x4  
  26  2:11  Metabolic Boost  
  26  2:13  Drone  
  27  2:17  Drone  
  28  2:24  Drone x2  
  30  2:40  Hatchery  
  30  2:42  Drone  
  30  2:44  Drone  
  31  2:48  Overlord  
  31  2:51  Drone  
  31  2:58  Queen  
  34  3:02  Drone x2  
  36  3:08  Zergling x4  
  36  3:10  Drone  
  36  3:11  Drone  
  40  3:16  Zergling x2  
  40  3:18  Overlord  
  41  3:20  Drone  
  42  3:27  Drone  
  42  3:29  Spore Crawler  
  42  3:31  Drone  
  42  3:33  Spore Crawler  
  41  3:38  Drone  
  42  3:45  Drone x3  
  42  3:46  Drone  
  45  3:51  Drone  
  45  3:53  Queen  
  48  3:56  Drone  
  48  3:58  Overlord  
  49  4:05  Drone x2  
  49  4:06  Overlord  
  51  4:13  Roach Warren  
  51  4:14  Drone, Spore Crawler  
  51  4:15  Drone x2  
  51  4:17  Overlord  
  52  4:20  Zergling x4  
  54  4:25  Drone x3  
  54  4:30  Drone x2  
  59  4:34  Lair  
  59  4:40  Drone x3  
  62  4:48  Evolution Chamber  
  62  4:49  Extractor x2  
  59  4:53  Drone x4  
  59  4:56  Drone x4, Extractor  
  66  5:00  Zergling x6  
  66  5:05  Queen  
  66  5:06  Overlord  
  70  5:09  Drone x2  
  70  5:13  Drone x4  
  75  5:19  Overlord  
  74  5:25  Zerg Missile Weapons Level 1, Overlord  
  74  5:27  Queen  
  74  5:28  Drone x2  
  78  5:31  Drone  
  78  5:33  Glial Reconstitution  
  78  5:35  Drone x2  
  81  5:36  Extractor  
  81  5:38  Extractor  
  81  5:40  Drone x4  
  82  5:48  Drone x4  
  82  5:49  Infestation Pit  
  85  5:51  Overlord  
  85  5:54  Overseer  
  85  5:56  Overlord  
  85  6:01  Overlord  
  85  6:08  Hatchery  
  85  6:10  Overlord  
  83  6:26  Swarm Host x8  
  83  6:30  Nydus Network  
  106  6:35  Swarm Host x2  
  106  6:38  Overlord  
  112  6:46  Swarm Host x3  
  121  6:48  Overlord  
  121  6:51  Overlord x2  
  121  6:55  Roach x3  
  129  7:01  Roach x4  
  129  7:05  Overlord x2  
  135  7:09  Nydus Canal  
  135  7:12  Roach  
  135  7:13  Roach x2  
  141  7:17  Roach x2  
  141  7:18  Roach  
  141  7:19  Roach  
  147  7:24  Roach x3  
  153  7:32  Roach x2  
  153  7:33  Roach x2  
  158  7:46  Roach x8  
  167  7:54  Drone  
  167  7:55  Drone x2  
  167  7:57  Overlord  
  167  7:58  Overlord  
  163  8:06  Nydus Canal  
  163  8:11  Ravager x2  
  163  8:12  Ravager x2  
  167  8:13  Overlord x2  
  167  8:17  Roach x6  
  179  8:23  Nydus Canal  
  178  8:39  Roach x10  
  192  8:52  Roach x7  
  190  9:06  Ravager x4  
  190  9:07  Nydus Canal  
  194  9:22  Queen  
  196  9:25  Extractor, Nydus Canal  
  196  9:26  Ravager x3  
  196  9:28  Extractor  
  187  9:40  Roach x6  
  194  9:52  Roach x2  
  199  9:53  Roach x4  
  185  10:03  Roach x8  
  190  10:11  Roach x4  
  190  10:14  Overlord  
  177  10:22  Overlord  
  177  10:23  Hatchery  
  177  10:24  Roach x3  
  180  10:30  Roach  
  180  10:31  Roach x2  
  186  10:39  Ravager x2  
  186  10:40  Overseer  
  188  10:45  Roach x5  
  188  10:51  Roach x3  
  188  10:55  Queen  
  165  11:05  Swarm Host x5  
  178  11:14  Ravager  
  178  11:16  Roach x4  
  187  11:26  Ravager x2  
  189  11:33  Nydus Canal  
  189  11:44  Roach x8  
  170  11:50  Roach x2  
  161  12:01  Roach  
  161  12:02  Roach x3  
  148  12:15  Roach x5  
  142  12:25  Nydus Canal  
  141  12:33  Roach x3  
  144  12:44  Ravager x4  
  148  12:53  Roach x2  
  152  13:01  Roach  
  152  13:02  Roach  
  156  13:15  Ravager x2  
  156  13:19  Drone x3  
  161  13:20  Drone x2  
  161  13:30  Roach x3  
  167  13:47  Roach x4  
  171  13:49  Ravager x2  
  148  14:11  Roach  
  148  14:12  Roach x2  
  148  14:13  Ravager  
  148  14:14  Ravager x3  
  148  14:16  Roach x2  
Show
View Real Time Build Order
Export as new Build Order

SKillous Protoss - Winner!

Build Orders: 1 Gate Expand, Oracle Opening, Archon Immortal 

Get SALT Encoding   

  12  0:00  Probe  
  13  0:12  Probe  
  14  0:20  Pylon  
  14  0:24  Probe  
  15  0:38  Probe (Chrono Boost)  
  15  0:40  Gateway  
  16  0:47  Assimilator, Probe (Chrono Boost)  
  17  0:52  Probe (Chrono Boost)  
  18  1:04  Probe  
  19  1:16  Probe  
  20  1:25  Nexus  
  20  1:35  Cybernetics Core  
  20  1:38  Probe  
  21  1:47  Assimilator  
  21  1:50  Probe  
  22  1:55  Pylon  
  22  2:02  Probe  
  23  2:10  Adept (Chrono Boost)  
  23  2:14  Probe  
  26  2:17  Stargate  
  26  2:26  Probe (Chrono Boost)  
  26  2:27  Warp Gate  
  27  2:30  Adept (Chrono Boost)  
  27  2:37  Probe (Chrono Boost)  
  31  2:44  Probe (Chrono Boost)  
  31  2:47  Probe (Chrono Boost)  
  33  2:51  Probe (Chrono Boost)  
  33  2:52  Probe (Chrono Boost)  
  33  2:54  Adept  
  36  3:01  Oracle (Chrono Boost)  
  36  3:02  Probe  
  40  3:06  Probe  
  41  3:13  Pylon  
  41  3:15  Probe  
  41  3:19  Probe  
  43  3:25  Gateway  
  44  3:27  Probe, Void Ray (Chrono Boost)  
  44  3:31  Probe  
  45  3:39  Probe  
  50  3:43  Probe  
  49  3:51  Probe  
  49  3:52  Assimilator  
  49  3:54  Assimilator  
  49  3:55  Probe  
  51  3:56  Pylon  
  51  4:01  Oracle  
  54  4:08  Pylon  
  54  4:14  Probe x2  
  56  4:17  Robotics Facility  
  56  4:25  Pylon  
  56  4:27  Probe (Chrono Boost)  
  56  4:28  Probe (Chrono Boost)  
  56  4:30  Nexus  
  59  4:39  Probe (Chrono Boost)  
  59  4:44  Pylon, Probe (Chrono Boost)  
  60  4:46  Probe (Chrono Boost)  
  60  4:48  Shield Battery  
  60  4:49  Adept x2  
  60  4:51  Probe  
  66  4:57  Pylon  
  67  5:03  Probe  
  67  5:05  Probe  
  67  5:06  Forge, Observer (Chrono Boost)  
  69  5:11  Twilight Council  
  69  5:16  Probe  
  70  5:23  Gateway, Probe  
  70  5:26  Gateway  
  71  5:30  Immortal  
  71  5:34  Probe (Chrono Boost)  
  76  5:36  Protoss Ground Weapons Level 1 (Chrono Boost), Probe (Chrono Boost)  
  76  5:39  Sentry x2  
  81  5:43  Probe (Chrono Boost)  
  81  5:48  Probe (Chrono Boost)  
  81  5:49  Charge  
  84  5:51  Probe (Chrono Boost)  
  84  5:52  Probe (Chrono Boost)  
  84  5:54  Probe (Chrono Boost)  
  86  5:58  Probe  
  86  6:00  Pylon  
  86  6:01  Probe  
  86  6:03  Probe  
  89  6:11  Probe  
  90  6:12  Assimilator  
  90  6:14  Gateway  
  90  6:15  Assimilator  
  90  6:16  Templar Archives  
  90  6:22  Gateway  
  90  6:23  Gateway  
  90  6:24  Warp Prism (Chrono Boost)  
  90  6:25  Gateway  
  90  6:28  Probe  
  90  6:29  Probe  
  90  6:30  Probe  
  95  6:36  Pylon  
  95  6:47  Pylon  
  95  6:50  Immortal (Chrono Boost)  
  95  6:51  Zealot x4  
  107  7:11  Shield Battery  
  107  7:14  Pylon, Shield Battery  
  107  7:16  High Templar, Pylon, Shield Battery  
  107  7:17  High Templar x3  
  107  7:19  Gateway, Zealot  
  107  7:21  Archon, Gateway  
  117  7:24  Archon  
  117  7:26  Pylon  
  117  7:29  Pylon  
  117  7:31  Immortal  
  121  7:40  Zealot x4  
  127  7:45  Probe x2  
  127  7:47  Probe  
  115  7:57  Probe  
  115  7:58  High Templar x4  
  116  8:03  Archon x2  
  122  8:07  High Templar  
  122  8:08  High Templar x2, Immortal (Chrono Boost)  
  122  8:12  Pylon  
  130  8:13  Pylon  
  130  8:15  High Templar, Archon, Shield Battery  
  130  8:18  Shield Battery  
  132  8:22  Archon  
  132  8:23  Zealot, Sentry  
  136  8:40  Probe  
  137  8:43  Immortal  
  121  8:48  Zealot x2  
  125  8:58  Zealot x8  
  133  9:17  High Templar, Nexus  
  133  9:18  High Templar x2  
  133  9:19  High Templar, Zealot x2  
  133  9:22  Archon  
  133  9:23  Archon, Immortal  
  133  9:55  Zealot x4  
  133  9:56  Zealot x5  
  143  10:05  Immortal  
  117  10:21  Zealot x4  
  125  10:30  Sentry  
  125  10:31  Sentry  
  127  10:36  Probe (Chrono Boost)  
  127  10:38  Sentry x2  
  127  10:41  Probe (Chrono Boost)  
  127  10:42  Probe (Chrono Boost)  
  134  10:49  Probe (Chrono Boost)  
  131  10:52  Blink  
  131  10:55  Zealot x4  
  135  11:00  Probe  
  135  11:01  Probe  
  131  11:09  Probe  
  128  11:13  Probe x2  
  128  11:14  Zealot x2  
  128  11:15  Warp Prism (Chrono Boost)  
  136  11:21  Probe  
  136  11:25  Zealot  
  139  11:26  Probe  
  139  11:29  High Templar x4  
  139  11:30  Sentry  
  150  11:33  Archon, Sentry  
  150  11:35  Archon  
  148  11:56  Zealot x5  
  154  12:08  Zealot x4  
  148  12:24  Stalker  
  146  12:30  Pylon, Zealot x2  
  146  12:31  Zealot  
  146  12:33  Pylon  
  138  12:47  Stalker x5  
  148  12:51  Stalker  
  148  12:52  Sentry  
  148  12:53  Sentry  
  154  13:01  Observer  
  145  13:26  Stalker  
  145  13:27  Stalker x6  
  148  13:54  High Templar  
  146  13:57  High Templar  
  146  13:58  High Templar x2  
  146  14:02  Archon  
  146  14:03  Archon  
  146  14:04  Stalker x3  
  146  14:12  Stalker  
Tags
 
Add a new tag
Caveats
  • Supply blocks, unpowered buildings, or Contaminate may cause inaccurate times.
  • Supply counts are checked every 10 seconds.